 Dungeon Crawl Stone Soup version 0.17-a0-2073-gde5cdba (webtiles) character file.

92 ololoev the Skirmisher (level 4, 0/41 HPs)
             Began as a Hill Orc Fighter on Oct 15, 2015.
             Slain by an ogre
             ... wielding a cursed -1 giant spiked club
              (7 damage)
             ... on level 4 of the Dungeon.
             The game lasted 00:02:19 (489 turns).

ololoev the Skirmisher (Hill Orc Fighter)            Turns: 489, Time: 00:02:19

Health: 0/41       AC:  7    Str: 24    XL:     4   Next: 60%
Magic:  4/4        EV:  7    Int:  8    God:
Gold:   38         SH:  9    Dex: 10    Spells: 0 memorised, 3 levels left

rFire  . . .     SeeInvis .     a - +0 war axe
rCold  . . .     Clarity  .     b - +0 scale mail
rNeg   . . .     SustAt   .     c - +0 shield
rPois  .         Gourm    .     (no helmet)
rElec  .         Spirit   .     (no cloak)
rCorr  .         Warding  .     (no gloves)
rMut   .         Stasis   .     (no boots)
MR     .....                    (no amulet)
Stlth  ..........               (no ring)
                                (no ring)

@: mighty, not resistant to hostile enchantments, extremely unstealthy
A: no striking features
a: Convert to Beogh

Inventory:

Hand Weapons
 a - a +0 war axe (weapon)
Armour
 b - a +0 scale mail (worn)
 c - a +0 shield (worn)
Scrolls
 h - a scroll of recharging {unknown}
 j - a scroll of identify {unknown}
 m - a scroll of enchant armour {unknown}
Potions
 k - a potion of heal wounds {unknown}
Comestibles
 e - 2 bread rations
 g - 3 chunks of flesh
 l - a meat ration


   Skills:
 + Level 4.5 Fighting
 + Level 3.6 Axes
 + Level 4.0 Armour
 + Level 4.1 Shields


You had 3 spell levels left.
You didn't know any spells.


You were on level 4 of the Dungeon.
You were not hungry.

You visited 1 branch of the dungeon, and saw 4 of its levels.

You collected 38 gold pieces.

.............#
.....o.(....#
....oo.....#
......o...#
#.....# #..#
##### #..#
##...#####O#
##.......##@#
#...........#
#...........##
#............#
##...........#
#...........#
#...........#
#...........#
##......รท)#.###

Notes
Turn   | Place    | Note
--------------------------------------------------------------
     0 | D:1      | ololoev the Hill Orc Fighter began the quest for the Orb.
     0 | D:1      | Reached XP level 1. HP: 19/19 MP: 1/1
   113 | D:2      | Reached XP level 2. HP: 18/27 MP: 2/2
   405 | D:4      | Reached skill level 4 in Fighting
   407 | D:4      | Reached XP level 3. HP: 7/33 MP: 3/3
   408 | D:4      | Reached XP level 4. HP: 7/41 MP: 4/4
   473 | D:4      | Noticed an ogre
   489 | D:4      | Slain by an ogre

Dungeon Overview and Level Annotations

Branches:
Dungeon (4/15)
 Temple: D:4-7

Altars:


Message History

Drink which item? (? for menu, Esc to quit)
It was a potion of curing.
You feel better.
Drink which item? (? for menu, Esc to quit)
You feel very mighty all of a sudden.
You slash the worker ant!
The worker ant is heavily wounded.
The worker ant bites you.
The worker ant bites you but does no damage.
You closely miss the worker ant.
The worker ant is moderately wounded.
You block the worker ant's attack.
You slash the worker ant!
The worker ant is almost dead.
The worker ant bites you. You block the worker ant's attack.
You slash the worker ant!
You kill the worker ant!
Your Armour skill increases to level 4!
Your Shields skill increases to level 4!
Throwing (i - inventory):
i - a throwing net (quivered)
Press: ? - help, Shift-Dir - straight line, f - ogre
Aim: an ogre, wielding a giant spiked club You throw a throwing net.
The throwing net barely misses the ogre.
The ogre hits you with a giant spiked club!
You closely miss the ogre. The ogre barely misses you.
You slash the ogre!
The ogre is heavily wounded.
You block the ogre's attack.
You slash the ogre!
The ogre is almost dead.
You block the ogre's attack.
You barely miss the ogre.
The ogre is almost dead.
The orc priest shouts!
You block the ogre's attack.
An orc comes into view. It is wielding a whip.
You barely miss the ogre.
The ogre is almost dead.
The ogre hits you with a giant spiked club!
You die...

You could see an ogre, 2 orc priests and 2 orcs.

Vanquished Creatures
  An orc priest (D:4)
  A worker ant (D:4)
  An adder (D:2)
  2 adder skeletons (D:4)
  4 orcs (D:4)
  A ball python (D:4)
  2 giant cockroaches
  A quokka (D:4)
  A bat (D:2)
  A rat (D:2)
15 creatures vanquished.

Action                   |  1- 3 |  4- 6 || total
-------------------------+-------+-------++-------
Melee: War axe           |    45 |    18 ||    63
Throw: Throwing net      |     1 |     1 ||     2
  Use: Potion            |       |     2 ||     2

Vault maps used:
D:1:      dpeg_arrival_court
D:3:      first_bread
D:4:      fedhas_altar_3
